 Dungeon Crawl Stone Soup version 0.31-a0-175-g9f7f995f2b (webtiles) character file.

Game seed: 17701443269927746863

111 qw the Chopper (level 4, -9/28 HPs)
             Began as a Gargoyle Fighter on June 16, 2023.
             Killed from afar by an orc (22 damage)
             ... with a bolt of light
             ... on level 3 of the Dungeon.
             The game lasted 00:01:12 (1719 turns).

qw the Chopper (Gargoyle Fighter)                   Turns: 1719, Time: 00:01:12

Health: -9/28      AC: 13    Str: 21    XL:     4   Next: 92%
Magic:  4/4        EV:  7    Int:  9    God:
Gold:   105        SH:  9    Dex:  9    Spells: 3/3 levels left

rFire   . . .        Y - +1 war axe
rCold   . . .        c - +0 buckler
rNeg    + . .        h - +0 chain mail
rPois   inf          (no helmet)
rElec   +            i - +0 cloak
rCorr   .            (no gloves)
SInv    .            (no boots)
Will    .....        n - amulet of reflection Stlth
                     (no ring)
HPRegen 0.24/turn    (no ring)
MPRegen 0.09/turn

%: reflection
@: silenced
A: sickness immunity, AC +3, negative energy resistance 1, electricity
resistance, torment resistance 1, petrification resistance
a: no special abilities


You were on level 3 of the Dungeon.
You visited 1 branch of the dungeon, and saw 3 of its levels.

You collected 105 gold pieces.


Innate Abilities, Weirdness & Mutations

You are immune to sickness and miasma.
Your stone body is resilient. (AC +3)
You are immune to poison.
You resist negative energy. (rN+)
You are resistant to electric shocks. (rElec)
You are resistant to unholy torment.
You are immune to petrification.


   Skills:
 - Level 3.2 Fighting
 + Level 4.5 Axes
 - Level 3.2 Armour
 - Level 3.2 Shields


You had 3 spell levels left.
You didn't know any spells.
Your spell library was empty.

Inventory:

Hand Weapons
 g - a +0 mace
 Y - a +1 war axe (weapon)
Armour
 c - a +0 buckler (worn)
 h - a +0 chain mail (worn)
 i - a +0 cloak (worn)
Jewellery
 n - an amulet of reflection (around neck)
Scrolls
 e - a scroll of identify
 k - a scroll of teleportation
 p - a scroll of vulnerability {unknown}
Potions
 b - a potion of lignification
 d - a potion of might
 f - 2 potions of heal wounds
 j - a potion of curing {unknown}
 l - a potion of resistance
 m - a potion of attraction
 o - a potion of degeneration {unknown}
 q - a potion of brilliance {unknown}

Dungeon Overview and Level Annotations

Branches:
Dungeon (3/15)

Altars:

Annotations:
D:3 exclusion: dart slug


Message History

The slug dart hits you but does no damage.
The hobgoblin hits you but does no damage.
The orc zaps a wand.
The bolt of light hits the hobgoblin.
The hobgoblin dies!
The bolt of light hits you!
You are confused.
Ouch! That really hurt!
The giant cockroach moves out of view.
The frilled lizard bites you but does no damage.
You feel less confused.
The frilled lizard bites you but does no damage.
You barely miss the frilled lizard. The frilled lizard barely misses you.
You barely miss the frilled lizard.
The frilled lizard bites you but does no damage.
You closely miss the frilled lizard. The frilled lizard closely misses you.
The frilled lizard bites you.
You closely miss the frilled lizard. You block the frilled lizard's attack.
You hit the frilled lizard.
You kill the frilled lizard!
The giant cockroach bites you but does no damage.
You barely miss the giant cockroach. The dart slug launches a dart at you.
The slug dart hits you.
The giant cockroach bites you but does no damage.
You hit the giant cockroach.
The giant cockroach is severely wounded.
The giant cockroach bites you but does no damage.
The dart slug launches a dart at you.
The slug dart hits you but does no damage.
You block the giant cockroach's attack.
You barely miss the giant cockroach.
The giant cockroach is severely wounded.
The giant cockroach bites you but does no damage.
The orc zaps a wand.
The bolt of light misses the giant cockroach.
The bolt of light hits you!!
Ouch! That really hurt!
You die...

###.~~~~#~~~~~~#~..)
##.~~~~~~~~~~~~~~~#.
#.~~~~~~~~~~~~~~#~~.
##.~~~([#~..$~~.~~~~.
....~~....$<....8~~..
###~~$%~~...#8..~~~.
#~~~~.~~~~~~##~~~~.
##~~~~~~~~~~~~~~~..
#@~~~~~~~~~~~~~...
#(B#~~~~w~~~~~~#~#..
#..o..#~~~#~~~w#~
...###.#w~~~~~~~.
..... #..##~~.~~#
.... ### ##.# ... ..
...


You could see a dart slug, an orc and a giant cockroach.

Vanquished Creatures
  3 adders
  A worm (D:3)
  8 dart slugs
  4 endoplasms
  A giant cockroach (D:2)
  9 goblins
  3 hobgoblins (D:1)
  4 jackals
  4 quokkas
  10 ball pythons
  6 bats
  2 frilled lizards (D:3)
  3 kobolds
  4 rats
62 creatures vanquished.

Vanquished Creatures (others)
  A hobgoblin (D:3)
1 creature vanquished.

Grand Total: 63 creatures vanquished

Notes
Turn   | Place    | Note
-------+----------+-------------------------------------------
     0 | D:1      | qw the Gargoyle Fighter began the quest for the Orb.
     0 | D:1      | Reached XP level 1. HP: 14/14 MP: 1/1
     0 | D:1      | 0 ||| qw: Version: 0.2-a-29-g511e9b1
     0 | D:1      | 0 ||| qw: Game counter: 5845
     0 | D:1      | 0 ||| qw: Always use a shield: true
     0 | D:1      | 0 ||| qw: God list: Okawaru
     0 | D:1      | 0 ||| qw: Allow faded altars: false
     0 | D:1      | 0 ||| qw: Do Orc after D:15 true
     0 | D:1      | 0 ||| qw: Do second Lair branch before Depths: true
     0 | D:1      | 0 ||| qw: Lair rune preference: random
     0 | D:1      | 0 ||| qw: Plans: Normal, Zot:1-4, Slime:5, God:TSO, Crypt,
                  | Tomb, Abyss, Pan, Hells, Win
     0 | D:1      | 0 ||| PLANNING D:1-11
    30 | D:1      | Reached skill level 2 in Axes
    64 | D:1      | 64 ||| Stepping ~*~*~tactically~*~*~ (stealth).
    65 | D:1      | 65 ||| Stepping ~*~*~tactically~*~*~ (stealth).
    68 | D:1      | 68 ||| Stepping ~*~*~tactically~*~*~ (stealth).
   111 | D:1      | Reached XP level 2. HP: 19/19 MP: 2/2
   133 | D:1      | 133 ||| Stepping ~*~*~tactically~*~*~ (stealth).
   173 | D:1      | Found a faded altar of an unknown god.
   357 | D:1      | 357 ||| Stepping ~*~*~tactically~*~*~ (stealth).
   360 | D:1      | Reached skill level 3 in Axes
   487 | D:1      | Reached XP level 3. HP: 23/23 MP: 3/3
   705 | D:1      | 705 ||| UPGRADING to +0 chain mail.
   715 | D:1      | 715 ||| DROPPING +0 scale mail.
   716 | D:1      | 716 ||| UPGRADING to +0 cloak.
   721 | D:1      | 721 ||| READING scroll labelled OSEIXA YCAYCU.
   722 | D:1      | 722 ||| READING scroll labelled SAMUCHUANK.
   727 | D:1      | 727 ||| READING scroll labelled KIMAJA OR YSCH.
   728 | D:1      | 728 ||| DRINKING 2 smoky inky potions.
   729 | D:1      | 729 ||| DROPPING potion of invisibility.
   767 | D:2      | 767 ||| Stepping ~*~*~tactically~*~*~ (stealth).
   853 | D:2      | 853 ||| Stepping ~*~*~tactically~*~*~ (hiding).
  1246 | D:2      | 1246 ||| Stepping ~*~*~tactically~*~*~ (stealth).
  1291 | D:2      | Reached XP level 4. HP: 28/28 MP: 4/4
  1319 | D:2      | 1319 ||| UPGRADING to amulet of reflection.
  1324 | D:2      | 1324 ||| READING scroll labelled GYEHIE MURON.
  1325 | D:2      | 1325 ||| READING 6 scrolls labelled TEOFI JARREOM.
  1326 | D:2      | 1326 ||| READING scroll labelled VUPRET XEHUNE.
  1327 | D:2      | 1327 ||| READING 5 scrolls of identify.
  1327 | D:2      | 1327 ||| IDENTIFYING fizzy puce potion
  1328 | D:2      | 1328 ||| READING 4 scrolls of identify.
  1328 | D:2      | 1328 ||| IDENTIFYING blue potion
  1329 | D:2      | 1329 ||| READING 3 scrolls of identify.
  1329 | D:2      | 1329 ||| IDENTIFYING dark potion
  1330 | D:2      | 1330 ||| READING 2 scrolls of identify.
  1330 | D:2      | 1330 ||| IDENTIFYING grey potion
  1383 | D:3      | 1383 ||| Stepping ~*~*~tactically~*~*~ (hiding).
  1384 | D:3      | 1384 ||| Stepping ~*~*~tactically~*~*~ (hiding).
  1386 | D:3      | 1386 ||| Stepping ~*~*~tactically~*~*~ (hiding).
  1390 | D:3      | 1390 ||| Stepping ~*~*~tactically~*~*~ (hiding).
  1400 | D:3      | Reached skill level 4 in Axes
  1400 | D:3      | 1400 ||| Stepping ~*~*~tactically~*~*~ (hiding).
  1414 | D:3      | 1414 ||| Stepping ~*~*~tactically~*~*~ (stealth).
  1459 | D:3      | 1459 ||| Stepping ~*~*~tactically~*~*~ (hiding).
  1462 | D:3      | 1462 ||| Stepping ~*~*~tactically~*~*~ (hiding).
  1494 | D:3      | 1494 ||| Stepping ~*~*~tactically~*~*~ (hiding).
  1497 | D:3      | 1497 ||| Stepping ~*~*~tactically~*~*~ (hiding).
  1700 | D:3      | 1700 ||| READING scroll labelled LYIRAYXTOG.
  1719 | D:3      | Killed from afar by an orc

Levels and vault maps discovered:
D:1:      dpeg_arrival_line_fractal, layout_loops_cross,
          ebering_ecumenical_altar_mist
D:2:      layout_basic, minmay_3d_cube
D:3:      kennysheep_slugbush, layout_rooms, nicolae_shop_vocational

Skill      XL: |  1  2  3  4 |
---------------+-------------+-----
Axes           | 2 3 4 |  4.5
Fighting       | |  3.2
Armour         | |  3.2
Shields        | |  3.2

Action                     |  1- 3 |  4- 6 || total
---------------------------+-------+-------++-------
  Melee: War axe           |   106 |    54 ||   160
    Use: Scroll            |     3 |     8 ||    11
         Potion            |     1 |       ||     1
 Armour: Scale mail        |    33 |       ||    33
         Chain mail        |    29 |    32 ||    61
  Dodge: Dodged            |    36 |    21 ||    57
  Block: Buckler           |    24 |    29 ||    53
         Reflection        |       |     6 ||     6

Table legend:
 A = Non-vault XP
 B = Vault XP
 C = Vault XP percentage of total XP
 D = Non-vault monster count
 E = Vault monster count
 F = Vault count percentage of total count
                 A         B        C        D         E       F
            +---------+---------+-------+---------+---------+-------
      Total |     127 |      32 |  20.1 |      54 |       9 |  14.3
            +---------+---------+-------+---------+---------+-------
        D:1 |      37 |       0 |   0.0 |      24 |       0 |   0.0
        D:2 |      37 |       8 |  17.8 |      14 |       3 |  17.6
        D:3 |      53 |      24 |  31.2 |      16 |       6 |  27.3
            +---------+---------+-------+---------+---------+-------
